 Dungeon Crawl Stone Soup version 0.29.0-4-gdea44cf6ec (webtiles) character file.

Game seed: 7877310674536477972

102 fingers the Shield-Bearer (level 5, -1/42 HPs)
             Began as a Formicid Fighter on Aug 26, 2022.
             Was an Initiate of Fedhas.
             Slain by an iguana (4 damage)
             ... on level 4 of the Dungeon.
             The game lasted 00:05:40 (2980 turns).

fingers the Shield-Bearer (Formicid Fighter)        Turns: 2980, Time: 00:05:41

Health: -1/42      AC: 10    Str: 23    XL:     5   Next: 6%
Magic:  5/5        EV:  7    Int:  7    God:    Fedhas [......]
Gold:   217        SH:  5    Dex: 13    Spells: 4/4 levels left

rFire   . . .      SeeInvis +   a - +0 war axe
rCold   . . .      Faith    .   c - +0 buckler
rNeg    . . .      Spirit   .   u - +0 chain mail
rPois   .          Reflect  .   (helmet unavailable)
rElec   .          Harm     .   l - +0 cloak
rCorr   .          Rampage  .   (no gloves)
Will    .....                   (no boots)
Stlth   ..........              (no amulet)
HPRegen 0.14/turn               (no ring)
MPRegen 0.09/turn               (no ring)

@: no status effects
A: permanent stasis, dig shafts and tunnels, antennae 3, four strong arms
a: Dig, Shaft Self, Renounce Religion


You were on level 4 of the Dungeon.
You worshipped Fedhas.
Fedhas was noncommittal.
You visited 1 branch of the dungeon, and saw 4 of its levels.

You collected 217 gold pieces.

Inventory:

Hand Weapons
 a - a +0 war axe (weapon)
 v - a +4 dagger of venom
Armour
 b - a +0 scale mail
 c - a +0 buckler (worn)
 l - a +0 cloak (worn)
 u - a +0 chain mail (worn)
Jewellery
 A - a ring of resist corrosion
Wands
 t - a wand of iceblast (3)
 y - a wand of quicksilver (8)
Scrolls
 e - a scroll of magic mapping {unknown}
 f - 2 scrolls of teleportation {unknown}
 g - a scroll of enchant armour {unknown}
 j - 5 scrolls of identify {unknown}
 n - a scroll of fear {unknown}
 r - a scroll of immolation {unknown}
 s - a scroll of brand weapon {unknown}
 z - a scroll of silence {unknown}
Potions
 d - a potion of might
 h - a potion of magic {unknown}
 i - 3 potions of brilliance {unknown}
 k - a potion of flight {unknown}
 m - a potion of curing {unknown}
 o - a potion of attraction {unknown}
 p - 2 potions of haste {unknown}
 q - a potion of cancellation {unknown}
 w - a potion of mutation {unknown}
 x - a potion of degeneration {unknown}


   Skills:
 + Level 3.7 Fighting
 + Level 3.4 Axes
 + Level 4.0 Armour
 + Level 0.4 Dodging
 + Level 0.3 Stealth
 + Level 4.5 Shields


You had 4 spell levels left.
You didn't know any spells.
Your spell library contained the following spells:

 Spells                   Type           Power      Damage    Failure   Level
 Freeze                   Ice            0%         1d3       99%         1
 Frozen Ramparts          Ice            0%         1d1       100%        3
 Hailstorm                Conj/Ice       0%         3d3       100%        4


Dungeon Overview and Level Annotations

Branches:
Dungeon (4/15)
 Temple: D:4-7

Altars:
Fedhas


Innate Abilities, Weirdness & Mutations

You cannot be hasted, slowed, berserked, paralysed or teleported.
You can dig through walls and to a lower floor.
You have a pair of large antennae on your head. (SInv)
Your four strong arms can wield two-handed weapons with a shield.


Message History

You block the iguana's attack. The iguana bites you.
The endoplasm hits you but does no damage.
You see here the +7 short sword of Ydisifix {antimagic, rN+ Will+ SInv}.
The endoplasm freezes you.
You are frozen.
The iguana bites you but does no damage.
You hit the endoplasm.
The endoplasm is almost dead.
You closely miss the iguana. The iguana closely misses you.
The endoplasm closely misses you. The iguana bites you.
The endoplasm freezes you.
You are frozen.
You slash the endoplasm!
You kill the endoplasm!
Fedhas accepts your kill.
You hit the iguana but do no damage. You block the iguana's attack.
The iguana barely misses you.
You see here the +7 short sword of Ydisifix {antimagic, rN+ Will+ SInv}.
You hit the iguana but do no damage. You block the iguana's attack.
You hit the iguana but do no damage. You block the iguana's attack.
The iguana bites you but does no damage.
You slash the iguana!
The iguana is moderately wounded.
The iguana bites you!
* * * LOW HITPOINT WARNING * * *
You closely miss the iguana.
The iguana is moderately wounded.
The iguana bites you!
* * * LOW HITPOINT WARNING * * *
You closely miss the iguana.
The iguana is moderately wounded.
The iguana bites you.
* * * LOW HITPOINT WARNING * * *
The iguana closely misses you.
You hit the iguana.
The iguana is heavily wounded.
The iguana bites you.
You die...
Fedhas appreciates your contribution to the ecosystem.

#.. ....#... ..
#####..####......##.
....#.........(.#...
##...............#..
..............#....# #
############....##.#.#...
#.....o5#~8#....l......#
#≈≈≈≈≈≈≈#.P#....@.# {
#..~P~..#.$#......#
'..~⌠~..'.©#©...#....#
#..~~~..#.$#..#.#.##...
#≈≈≈≈≈≈≈#.P#.##.... ...
#.....o5#~8#.####### ##
############.#
.............#
##############


You could see an iguana.

Vanquished Creatures
  Jessica (D:3)
  3 adders
  A shadow imp (D:4)
  An ufetubus (D:4)
  An orc (D:3)
  5 bats
  2 endoplasms (D:4)
  A giant cockroach (D:1)
  3 goblins
  6 hobgoblins
  A jackal (D:4)
  2 ball pythons
  3 frilled lizards
  4 kobolds
  4 rats
38 creatures vanquished.

Notes
Turn   | Place    | Note
-------+----------+-------------------------------------------
     0 | D:1      | fingers the Formicid Fighter began the quest for the Orb.
     0 | D:1      | Reached XP level 1. HP: 18/18 MP: 1/1
    72 | D:1      | Reached XP level 2. HP: 15/20 MP: 2/2
  1300 | D:2      | Reached XP level 3. HP: 21/27 MP: 3/3
  1840 | D:3      | Found a blossoming altar of Fedhas.
  1888 | D:3      | Reached XP level 4. HP: 35/35 MP: 4/4
  1911 | D:3      | Became a worshipper of Fedhas Madash
  2086 | D:3      | Noticed Jessica
  2096 | D:3      | Killed Jessica
  2418 | D:3      | Found a faded altar of an unknown god.
  2535 | D:4      | Found a transporter.
  2557 | D:4      | Reached XP level 5. HP: 18/42 MP: 5/5
  2734 | D:4      | Found a transporter.
  2966 | D:4      | Identified the +7 short sword of Ydisifix {antimagic, rN+
                  | Will+ SInv}
  2980 | D:4      | Slain by an iguana

Illustrated notes

Levels and vault maps discovered:
D:1:      dpeg_arrival_snail, layout_loops_ring
D:2:      layout_basic
D:3:      layout_rooms, lemuel_tele_altar, nicolae_ecumenical_oubliette,
          uniq_jessica
D:4:      gammafunk_wand_slinger, layout_rooms, minmay_temple_entry_ruins

Skill      XL: |  1  2  3  4 |
---------------+-------------+-----
Axes           | 3 |  3.4
Armour         | 4 |  4.0
Fighting       | |  3.7
Dodging        | |  0.4
Stealth        | |  0.3
Shields        | |  4.5

Action                   |  1- 3 |  4- 6 || total
-------------------------+-------+-------++-------
Melee: War axe           |    81 |    23 ||   104
 Abil: Dig               |    12 |     1 ||    13
  Use: Scroll            |       |     1 ||     1
Armor: Scale mail        |    37 |       ||    37
       Chain mail        |       |    19 ||    19
Dodge: Dodged            |    52 |    14 ||    66
Block: Buckler           |    25 |    13 ||    38
